 Dungeon Crawl Stone Soup version 0.27-a0-899-ge2d0b17c59 (webtiles) character file.

Game seed: 11978243172725769763

62 robertstho the Digger (level 3, 0/19 HPs)
             Began as a Deep Elf Earth Elementalist on Apr 5, 2021.
             Slain by a worm (11 damage)
             ... on level 2 of the Dungeon.
             The game lasted 00:03:31 (2649 turns).

robertstho the Digger (Deep Elf Earth Elementalist) Turns: 2649, Time: 00:03:33

Health: 0/19       AC:  2    Str:  5    XL:     3   Next: 85%
Magic:  7/10       EV: 12    Int: 20    God:
Gold:   62         SH:  0    Dex: 15    Spells: 3/9 levels left

rFire    . . .     SeeInvis .   d - +0 dagger
rCold    . . .     Faith    .   (no shield)
rNeg     . . .     Spirit   .   c - +0 robe
rPois    .         Reflect  .   (no helmet)
rElec    .         Harm     .   (no cloak)
rCorr    .         Rampage  .   (no gloves)
Will     .....                  (no boots)
Stlth    ++........             (no amulet)
HPRegen  0.06/turn              (no ring)
MPRegen  0.12/turn              (no ring)

@: very slightly contaminated
A: no striking features
a: no special abilities


You were on level 2 of the Dungeon.
You visited 1 branch of the dungeon, and saw 2 of its levels.

You collected 62 gold pieces.

Inventory:

Hand Weapons
 d - a +0 dagger (weapon)
Missiles
 b - 15 stones
Armour
 c - a +0 robe (worn)
Scrolls
 e - a scroll of torment {unknown}
 f - a scroll of enchant weapon {unknown}
 h - a scroll of silence {unknown}
 i - a scroll of identify {unknown}
Potions
 a - 2 potions of curing {unknown}
 g - a potion of heal wounds {unknown}


   Skills:
 + Level 0.2 Fighting
 + Level 2.5 Dodging
 + Level 2.7 Stealth
 * Level 3.9 Spellcasting
 + Level 0.3 Conjurations
 * Level 2.0 Transmutations
 * Level 4.1 Earth Magic


You had 3 spell levels left.
You knew the following spells:

 Your Spells              Type           Power      Damage    Failure   Level
a - Sandblast             Erth           40%        2d10      2%          1
b - Passwall              Tmut/Erth      13%        N/A       5%          2
c - Stone Arrow           Conj/Erth      26%        3d8       16%         3

Your spell library contained the following spells:

 Spells                   Type           Power      Damage    Failure   Level
 Petrify                  Tmut/Erth      16%        N/A       34%         4
 Lee's Rapid Deconstruct  Erth           10%        3d9*      54%         5


Dungeon Overview and Level Annotations

Branches:
Dungeon (2/15)

Altars:


Message History

There is a stone staircase leading up here.
a - 2 fuming dark potions (gained 1)
There is a stone staircase leading up here.
You see here a frilled lizard skeleton.
Things that are here:
a jackal skeleton; a jackal skeleton
b - 17 stones (gained 4)
Things that are here:
a +0 short sword; a kobold skeleton You see here a bat skeleton.
There is an open door here.
A worm is nearby!
A worm is nearby!
You hit the worm but do no damage. The worm closely misses you.
Casting: Sandblast (safe; 2% risk of failure)
Confirm with . or Enter, or press ? or * to list all spells.
Aiming: Sandblast (safe; 2% risk of failure)
Press: ? - help, Shift-Dir - straight line, f - worm
Aim: a worm (7% to evade)
The blast of sand hits the worm!
The worm is moderately wounded.
The worm bites you!
Casting: Sandblast (safe; 2% risk of failure)
Confirm with . or Enter, or press ? or * to list all spells.
Aiming: Sandblast (safe; 2% risk of failure)
Press: ? - help, Shift-Dir - straight line, f/p - worm
Aim: a worm (moderately wounded, 7% to evade)
You miscast Sandblast.
You are very lightly contaminated with residual magic.
Nothing appears to happen.
Casting: Sandblast (safe; 2% risk of failure)
Confirm with . or Enter, or press ? or * to list all spells.
Aiming: Sandblast (safe; 2% risk of failure)
Press: ? - help, Shift-Dir - straight line, f/p - worm
Aim: a worm (moderately wounded, 7% to evade)
The blast of sand hits the worm!
The worm is severely wounded.
The worm bites you!
Ouch! That really hurt!
You die...

...##.#.##.# ##.# ######
...##.#.##.# #.# ##########
#####.#.##.######.######........#
#.#.##......................#
#.#.##........÷.............#
#.#.##....÷..........########
#.#.##...............#
#####.#.##.#######'##############
.......÷.......w@................
#####.#.##.#######..######.######
#.#.##.# ##.## #.######
#.#.##.###### #..# #.......
#.#..#......# ##.## #.......
#.##.######.# #..# #.......
#)##.#<...#.# ##.# #^......
#.#.......#.# #.## #....... ..
#.#########.# #..# #.......


You could see a worm.

Vanquished Creatures
  A gnoll (D:1)
  3 endoplasms
  2 giant cockroaches (D:1)
  3 hobgoblins
  9 jackals
  2 quokkas
  4 ball pythons
  7 bats
  3 frilled lizards (D:2)
  4 goblins
  7 kobolds
  3 rats
48 creatures vanquished.

Notes
Turn   | Place    | Note
-------+----------+-------------------------------------------
     0 | D:1      | robertstho the Deep Elf Earth Elementalist began the quest
                  | for the Orb.
     0 | D:1      | Reached XP level 1. HP: 10/10 MP: 6/6
   213 | D:1      | Reached XP level 2. HP: 15/15 MP: 5/8
   681 | D:1      | Found a faded altar of an unknown god.
   701 | D:1      | Reached skill level 4 in Earth Magic
   701 | D:1      | Reached XP level 3. HP: 19/19 MP: 6/10
  1038 | D:1      | Learned a level 2 spell: Passwall
  1042 | D:1      | Learned a level 3 spell: Stone Arrow
  2649 | D:2      | Slain by a worm

Illustrated notes

Levels and vault maps discovered:
D:1:      erik_arrival_cave_to_civilisation [erik_arrival_cave_to_hall],
          layout_basic, basic_ecumenical_altar
D:2:      layout_basic

Skill      XL: |  1  2 |
---------------+-------+-----
Transmutations | 2 |  2.0
Earth Magic    | 4 |  4.1
Fighting       | |  0.2
Dodging        | |  2.5
Stealth        | |  2.7
Spellcasting   | |  3.9
Conjurations   | |  0.3

Action                   || total
-------------------------++-------
Melee: Dagger            ||    43
 Cast: Sandblast         ||    46
       Stone Arrow       ||    13
 Stab: Sleeping          ||     3
Armor: Robe              ||    34
Dodge: Dodged            ||    73

Table legend: (Time is in decaauts)
 A = Elapsed time spent in this place.
 B = Non-inter-level travel time spent in this place.
 C = Inter-level travel time spent in this place.
 D = Time resting spent in this place.
 E = Time spent auto-exploring this place.
 F = Levels seen in this place.
 G = Mean time per level.
                   A        B        C        D        E       F      G
               +--------+--------+--------+--------+--------+-----+--------+
         Total |   2649 |   2497 |    152 |    583 |   1598 |   2 | 1324.5 |
       Dungeon |   2649 |   2497 |    152 |    583 |   1598 |   2 | 1324.5 |
               +--------+--------+--------+--------+--------+-----+--------+

Top non-repeatable levels by time:
     D:1: 1413 daAuts
     D:2: 1236 daAuts
